 Dungeon Crawl Stone Soup version 0.27.1-34-g3ba077fa99 (webtiles) character file.

Game seed: 12929372475224192250

23 zeram the Sneak (level 3, -1/21 HPs)
             Began as an Octopode Enchanter on Jan 19, 2022.
             Succumbed to an adder's poison
             ... on level 2 of the Dungeon.
             The game lasted 00:01:05 (1091 turns).

zeram the Sneak (Octopode Enchanter)                Turns: 1091, Time: 00:01:05

Health: -1/21      AC:  1    Str:  7    XL:     3   Next: 0%
Magic:  6/6        EV: 10    Int: 18    God:
Gold:   73         SH:  0    Dex: 12    Spells: 5/6 levels left

rFire    . . .     SeeInvis .   a - +1 dagger
rCold    . . .     Faith    .   (no shield)
rNeg     . . .     Spirit   .   (helmet restricted)
rPois    .         Reflect  .   (no amulet)
rElec    .         Harm     .   (no ring)
rCorr    .         Rampage  .   (no ring)
Will     .....                  (no ring)
Stlth    ++++......             (no ring)
HPRegen  0.07/turn              (no ring)
MPRegen  0.10/turn              (no ring)
                                (no ring)
                                (no ring)

@: lethally poisoned (-1 -> -8), constricted
A: almost no armour, amphibious, 8 rings, camouflage 1, gelatinous body 1,
(nimble swimmer 1), tentacles
a: no special abilities


You were on level 2 of the Dungeon.
You visited 1 branch of the dungeon, and saw 2 of its levels.

You collected 73 gold pieces.

Inventory:

Hand Weapons
 a - a +1 dagger (weapon)
Jewellery
 b - an amulet of faith
Scrolls
 c - a scroll of blinking
 d - a scroll of identify
 e - a scroll of immolation {unknown}


   Skills:
 + Level 1.0 Short Blades
 + Level 2.1 Dodging
 + Level 4.7 Stealth
 + Level 2.2 Spellcasting
 + Level 3.2 Hexes


You had 5 spell levels left.
You knew the following spells:

 Your Spells              Type           Power      Damage    Failure   Level
a - Corona                Hex            14%        N/A       4%          1

Your spell library contained the following spells:

 Spells                   Type           Power      Damage    Failure   Level
 Ensorcelled Hibernation  Hex/Ice        14%        N/A       14%         2
 Confusing Touch          Hex            13%        N/A       14%         3
 Tukima's Dance           Hex            13%        N/A       14%         3
 Dazzling Flash           Conj/Hex       14%        N/A       26%         3


Dungeon Overview and Level Annotations

Branches:
Dungeon (2/15)

Altars:
Nemelex Xobeh


Innate Abilities, Weirdness & Mutations

You cannot wear most types of armour.
You are amphibious.
You can wear up to eight rings at the same time.
Your skin changes colour to match your surroundings (Stealth+).
Your rubbery body absorbs attacks. (AC +1, EV +1)
((You are camouflaged near water. (Stealth+)))
You have tentacles for arms and can constrict up to eight enemies at once.


Message History

An adder comes into view.
You hit the kobold. You grab the kobold. You squeeze the kobold.
You kill the kobold!
You have reached level 3!
Your experience leads to an increase in your attributes!
Increase (S)trength, (I)ntelligence, or (D)exterity?
You feel clever.
Things that are here:
a +0 club; 2 stones; a kobold corpse You hit the adder.
Your grab misses the adder.
The adder is lightly wounded.
The adder closely misses you. The ball python barely misses you.
The ball python closely misses you. The adder closely misses you.
You hit the ball python but do no damage.
Your grab misses the ball python. The ball python bites you.
The ball python misses you. The adder misses you.
Unknown command.
You hit the adder. Your grab misses the adder.
The adder is lightly wounded.
The ball python bites you. The ball python misses you. The adder misses you.
The ball python bites you. The ball python barely misses you.
You barely miss the adder. You grab the adder.
The adder is lightly wounded.
You constrict the adder, but do no damage.
The adder closely misses you. The ball python bites you.
The ball python grabs you. The ball python constricts you.
You hit the adder.
The adder is moderately wounded.
You constrict the adder. The adder bites you.
* * * LOW HITPOINT WARNING * * *
The ball python barely misses you. The ball python constricts you.
* * * LOW HITPOINT WARNING * * *
The adder bites you.
* * * LOW HITPOINT WARNING * * *
You are lethally poisoned!
The adder poisons you!
It was a potion of cancellation.
You feel magically purged.
You constrict the adder.
You die...

#...###### ...#. .#.. #
### ....#.# ##..
#####.#...###..#
#.......#.##....
###.....#...##....
#)S.......#..#.._.
#@#.....#.........
.......S#.#.....#.......
......###.#...#.......>.
###... #.#.....###...).
...# #.#.##### #.....
...> #.#.# #..... ...
..#.# #..... .. ###+#
######


You could see an adder and a ball python.

Vanquished Creatures
  A worm (D:2)
  4 bats (D:1)
  3 endoplasms
  A giant cockroach (D:1)
  A goblin (D:1)
  3 hobgoblins (D:1)
  A quokka (D:1)
  A frilled lizard (D:1)
  2 kobolds
  A rat (D:1)
18 creatures vanquished.

Notes
Turn   | Place    | Note
-------+----------+-------------------------------------------
     0 | D:1      | zeram the Octopode Enchanter began the quest for the Orb.
     0 | D:1      | Reached XP level 1. HP: 11/11 MP: 3/3
   124 | D:1      | Found a faded altar of an unknown god.
   208 | D:1      | Reached XP level 2. HP: 17/17 MP: 5/5
  1039 | D:2      | Found a sparkling altar of Nemelex Xobeh.
  1084 | D:2      | Reached XP level 3. HP: 17/21 MP: 6/6
  1090 | D:2      | HP: 1/21 [adder (4)]
  1091 | D:2      | Succumbed to an adder's poison

Illustrated notes

Levels and vault maps discovered:
D:1:      co_arrival_hall_of_pillars, layout_loops_corners,
          ebering_ecumenical_altar_sacrificial, nrook_mini_vaults,
          hangedman_decor_riveting
D:2:      layout_basic, basic_altar, minmay_misc_feat_pillars

Action                   || total
-------------------------++-------
Melee: Dagger            ||    35
       Constrict         ||    10
       Tentacles         ||     6
  Use: Scroll            ||     1
       Potion            ||     1
 Stab: Sleeping          ||    10
Armor: Skin              ||     2
Dodge: Dodged            ||    18
